 Dungeon Crawl Stone Soup version 0.30-a0-568-g124715a40b (webtiles) character file.

Game seed: 10682081129807650360

10780 bmack86 the Cleaver (level 11, -3/99 HPs)
             Began as a Minotaur Fighter on Dec 29, 2022.
             Was an Initiate of Okawaru.
             Slain by Urug
             ... wielding a +4 eveningstar
              (18 damage)
             ... on level 10 of the Dungeon.
             The game lasted 00:32:31 (9352 turns).

bmack86 the Cleaver (Minotaur Fighter)              Turns: 9352, Time: 00:32:32

Health: -3/99      AC: 20    Str: 26    XL:     11   Next: 40%
Magic:  0/10       EV:  7    Int:  5    God:    Okawaru [......]
Gold:   598        SH:  7    Dex:  9    Spells: 10/10 levels left

rFire   . . .      SeeInvis .    a - +1 war axe (elec)
rCold   . . .      Faith    .    c - +1 buckler
rNeg    . . .      Spirit   +    s - +0 plate armour
rPois   +          Reflect  .    (helmet restricted)
rElec   .          Harm     .    F - +0 cloak
rCorr   .          Rampage  .    q - +1 pair of gloves
Will    .....                    t - +1 pair of boots Stlth
                                 j - amulet of guardian spirit
HPRegen 0.36/turn                x - ring of poison resistance
MPRegen 0.12/turn                (no ring)

@: marked
A: horns 2, retaliatory headbutt
a: Renounce Religion


You were on level 10 of the Dungeon.
You worshipped Okawaru.
Okawaru was noncommittal.
You visited 2 branches of the dungeon, and saw 11 of its levels.

You collected 598 gold pieces.

Inventory:

Hand Weapons
 a - a +1 war axe of electrocution (weapon)
 H - a +0 war axe of flaming
Missiles
 g - 35 poisoned darts
 p - a boomerang
 y - 2 throwing nets
 M - a javelin (quivered)
Armour
 b - a +0 scale mail
 c - a +1 buckler (worn)
 q - a +1 pair of gloves (worn)
 s - a +0 plate armour (worn)
 t - a +1 pair of boots (worn)
 F - a +0 cloak (worn)
Jewellery
 j - an amulet of guardian spirit (around neck)
 x - a ring of poison resistance (left hand)
 A - a ring of protection from cold
Wands
 k - a wand of flame (87)
 l - a wand of paralysis (21)
 D - a wand of roots (6)
 P - a wand of mindburst (5)
 Q - a wand of light (3)
Scrolls
 e - 2 scrolls of enchant weapon
 i - 3 scrolls of teleportation
 m - 3 scrolls of brand weapon
 r - a scroll of immolation {unknown}
 v - a scroll of silence
 w - a scroll of acquirement {unknown}
 C - a scroll of amnesia {unknown}
 J - 2 scrolls of poison {unknown}
 K - 4 scrolls of magic mapping
 N - a scroll of blinking {unknown}
 O - 3 scrolls of fear
Potions
 d - a potion of might
 f - 3 potions of lignification
 h - 2 potions of curing
 n - 5 potions of haste
 o - 4 potions of heal wounds
 u - a potion of mutation {unknown}
 z - 3 potions of flight {unknown}
 B - a potion of brilliance {unknown}
 E - 3 potions of invisibility {unknown}
 G - a potion of ambrosia {unknown}
 I - a potion of degeneration {unknown}
 L - a potion of attraction {unknown}
 S - a potion of magic {unknown}


   Skills:
 + Level 9.6 Fighting
 * Level 12.7 Axes
 + Level 7.1 Throwing
 + Level 9.8 Armour
 + Level 9.7 Shields


You had 10 spell levels left.
You didn't know any spells.
Your spell library contained the following spells:

 Spells                   Type           Power      Damage    Failure   Level
 Freeze                   Ice            0%         1d3       99%         1
 Cigotuvi's Dreadful Rot  Necr/Pois/Air  0%         N/A       100%        2
 Dazzling Flash           Conj/Hex       0%         N/A       100%        3
 Frozen Ramparts          Ice            0%         1d1       100%        3
 Hailstorm                Conj/Ice       0%         3d3       100%        3
 Kindle Blastsparks       Fire/Tloc/Air  0%         2d10      100%        3
 Ozocubu's Armour         Ice            0%         N/A       100%        3
 Dispel Undead            Necr           0%         3d6       100%        4
 Fulminant Prism          Conj/Hex       0%         3d5       100%        4
 Iskenderun's Mystic Bla  Conj/Tloc      0%         2d3       100%        4
 Agony                    Necr           0%         N/A       100%        5
 Lee's Rapid Deconstruct  Erth           0%         3d4*      100%        5
 Silence                  Hex/Air        0%         N/A       100%        5
 Starburst                Conj/Fire      0%         6d3       100%        6
 Ozocubu's Refrigeration  Ice            0%         4d7       100%        7
 Death Channel            Necr           Unusable   N/A       N/A         6

Dungeon Overview and Level Annotations

Branches:
Dungeon (10/15)            Temple (1/1) D:5            Lair (0/5) D:8
    Orc: D:9-12

Altars:
Ashenzari
Cheibriados
Dithmenos
Elyvilon
Fedhas
Gozag
Hepliaklqana
Kikubaaqudgha
Makhleb
Nemelex Xobeh
Okawaru
Qazlal
Ru
Sif Muna
Trog
Uskayaw
Vehumet
Wu Jian
Xom
Yredelemnul
Zin
The Shining One

Annotations:
D:10 Urug


Innate Abilities, Weirdness & Mutations

You have a pair of horns on your head.
You reflexively headbutt those who attack you in melee.


Message History

The orc knight blocks your attack. Harold barely misses you.
You furiously retaliate!
You headbutt Harold! The orc knight closely misses you.
You furiously retaliate!
You headbutt the orc knight! You hit Harold but do no damage.
Lightning courses through Harold!
Harold is heavily wounded.
You hit the orc knight. You hit Harold but do no damage.
Harold is heavily wounded.
You slash the orc knight! You block Harold's attack.
The orc knight hits you with a +0 long sword!
You hit Harold.
Harold is heavily wounded.
You hit the orc knight.
Lightning courses through the orc knight!
Harold hits you but does no damage. The orc knight completely misses you.
You slash Harold! You headbutt Harold.
Harold is severely wounded.
You miss the orc knight. You closely miss the orc knight.
Harold gestures at you while chanting. The mark upon you grows brighter.
The orc knight closely misses you.
Urug throws a javelin.
The javelin pierces through you but does no damage.
The orc knight hits you with a +0 long sword!
You slash Harold!
Harold is severely wounded.
You barely miss the orc knight. You slash the orc knight!
Harold hits you but does no damage. You block the orc knight's attack.
The orc knight hits you with a +0 long sword.
You slash Harold! Lightning courses through Harold!!
You kill Harold!
Okawaru accepts your kill.
You barely miss the orc knight. You slash the orc knight!
You block the orc knight's attack.
The orc knight hits you but does no damage.
The orc knight hits you with a +0 scimitar!!
* * * LOW HITPOINT WARNING * * *
The orc knight hits you but does no damage.
Urug hits you with a +4 eveningstar!!
You die...

....###........#
...###........###.......
..............##..#...##
......................#(
#.....................##
##......................
##........................
#.####.......oo..........
### #........@o.........
##.###...o...(...... ###
##.##...#...:..
####.......... #.........#
#..<.....# ##.#.#.###
#.###.# ##


You could see 3 orc knights, Urug (strong) and a +5 triple sword.

Vanquished Creatures
  Harold (D:10)
  Erolcha (D:9)
  The ghost of bmack86 the Cleaver, a novice MiFi of Okawaru (D:8)
  Pikel (D:6)
  Joseph (D:7)
  Maggie (D:6)
  An unseen horror zombie (D:8)
  Psyche (D:8)
  A queen bee (D:8)
  A troll (D:10)
  Grinder (D:4)
  A wraith (D:9)
  12 yaks
  A wyvern (D:8)
  2 steam dragons
  Edmund (D:4)
  Menkaure (D:6)
  3 acid dragons (D:9)
  2 water moccasins
  2 sky beasts
  An orc warrior (D:10)
  2 ice beasts
  3 ogres
  2 centaurs
  A phantom (D:7)
  2 lemures (D:6)
  5 kobold brigands
  A gnoll sergeant (D:7)
  A necrophage (D:6)
  4 bullfrogs
  2 scorpions (D:6)
  A wyvern skeleton (D:8)
  13 killer bees
  3 howler monkeys
  5 hounds
  10 orc priests
  2 centaur skeletons (D:8)
  2 jellies
  A gnoll bouda (D:6)
  2 iguanas (D:6)
  9 orc wizards
  A killer bee simulacrum (D:8)
  16 gnolls
  A howler monkey skeleton (D:8)
  7 adders
  A shadow imp (D:8)
  3 dart slugs
  39 orcs
  7 bats
  11 endoplasms
  4 giant cockroaches
  10 goblins
  10 hobgoblins
  7 quokkas
  6 ball pythons
  13 frilled lizards
  40 kobolds
  8 rats
292 creatures vanquished.

Vanquished Creatures (others)
  3 fungi (D:9)
  40 plants
43 creatures vanquished.

Grand Total: 335 creatures vanquished

Notes
Turn   | Place    | Note
-------+----------+-------------------------------------------
     0 | D:1      | bmack86 the Minotaur Fighter began the quest for the Orb.
     0 | D:1      | Reached XP level 1. HP: 19/19 MP: 0/0
   102 | D:1      | Reached XP level 2. HP: 19/27 MP: 1/1
   200 | D:1      | Reached skill level 3 in Axes
   328 | D:1      | Reached XP level 3. HP: 33/33 MP: 2/2
   728 | D:2      | Identified the +7 short sword "Daleuhyll" {chaos, Drain
                  | rElec rPois Int+3}
  1176 | D:2      | Reached XP level 4. HP: 29/40 MP: 3/3
  1590 | D:3      | Reached skill level 4 in Axes
  1749 | D:3      | Found a hide-covered altar of Uskayaw.
  2350 | D:4      | Noticed Grinder
  2354 | D:4      | Killed Grinder
  2355 | D:4      | Reached skill level 5 in Axes
  2355 | D:4      | Reached skill level 1 in Throwing
  2355 | D:4      | Reached XP level 5. HP: 45/47 MP: 2/4
  2355 | D:4      | Reached XP level 6. HP: 53/55 MP: 2/5
  2464 | D:4      | Reached skill level 5 in Armour
  2490 | D:4      | Reached skill level 5 in Fighting
  2490 | D:4      | Reached skill level 5 in Shields
  2719 | D:4      | Noticed Edmund
  2735 | D:4      | Killed Edmund
  2736 | D:4      | Reached XP level 7. HP: 22/61 MP: 1/6
  3046 | D:4      | Found a sacrificial altar of Ru.
  3443 | D:5      | Entered Level 5 of the Dungeon
  3458 | D:5      | Found a staircase to the Ecumenical Temple.
  3472 | Temple   | Entered the Ecumenical Temple
  3529 | D:5      | Reached skill level 6 in Axes
  3579 | D:5      | Found a basalt altar of Yredelemnul.
  4005 | D:6      | Noticed Menkaure
  4010 | D:6      | Killed Menkaure
  4142 | D:6      | Reached XP level 8. HP: 59/70 MP: 3/7
  4245 | D:6      | Found an ornate altar of the Wu Jian Council.
  4249 | D:6      | Reached skill level 7 in Axes
  4363 | D:6      | Noticed Pikel
  4386 | D:6      | Killed Pikel
  4387 | D:6      | Reached skill level 8 in Axes
  4812 | D:6      | Reached XP level 9. HP: 78/78 MP: 8/8
  4917 | D:6      | Noticed Maggie
  4924 | D:6      | Killed Maggie
  4925 | D:6      | Reached skill level 9 in Axes
  5537 | D:7      | Found an ancient bone altar of Kikubaaqudgha.
  5987 | D:7      | Reached skill level 5 in Throwing
  6068 | D:7      | Noticed Joseph
  6071 | D:7      | Paralysed by Joseph for 5 turns
  6084 | D:7      | Killed Joseph
  6085 | D:7      | Reached skill level 10 in Axes
  6355 | D:7      | Reached XP level 10. HP: 86/88 MP: 7/9
  6961 | D:8      | Found a staircase to the Lair.
  6989 | D:8      | Found a white marble altar of Elyvilon.
  6990 | D:8      | Found a shadowy altar of Dithmenos.
  6992 | D:8      | Found a bloodstained altar of Trog.
  6992 | D:8      | Found an opulent altar of Gozag.
  6997 | D:8      | Found a glowing silver altar of Zin.
  7134 | D:8      | Found a runed translucent gate.
  7134 | D:8      | Noticed Psyche
  7137 | D:8      | Found a runed translucent gate.
  7142 | D:8      | Found a runed translucent gate.
  7153 | D:8      | Killed Psyche
  7254 | D:8      | Noticed bmack86's ghost (novice MiFi)
  7297 | D:8      | Identified the +6 trident "Opeejy" {speed, rN+ MP+9}
  7441 | D:8      | Reached skill level 11 in Axes
  7650 | D:8      | Killed bmack86's ghost
  7775 | D:9      | Found a broken altar of Ashenzari.
  7927 | D:9      | Found a glowing golden altar of the Shining One.
  8282 | D:9      | Noticed Erolcha
  8289 | D:9      | Killed Erolcha
  8290 | D:9      | Reached skill level 12 in Axes
  8290 | D:9      | Reached XP level 11. HP: 71/97 MP: 6/10
  8316 | D:9      | Found a shimmering blue altar of Sif Muna.
  8830 | D:10     | Entered Level 10 of the Dungeon
  8830 | D:10     | Noticed an orc knight
  8833 | D:10     | Noticed a sun demon
  8835 | D:10     | Noticed Harold
  9212 | D:10     | Found an iron altar of Okawaru.
  9224 | D:10     | Became a worshipper of Warmaster Okawaru
  9337 | D:10     | Noticed an orc knight
  9341 | D:10     | Noticed an orc knight
  9343 | D:10     | Noticed Urug
  9351 | D:10     | Killed Harold
  9352 | D:10     | Noticed a +5 triple sword
  9352 | D:10     | Slain by Urug

Illustrated notes

Levels and vault maps discovered:
D:1:      dpeg_arrival_subterranean_lakeside_camping, layout_basic,
          minmay_lizard_king
D:2:      layout_loops_ring
D:3:      layout_loops_ring, overflow_temple_1_default
D:4:      layout_basic, general_overflow_altar, st_stairs_6,
          nicolae_elevator_lobby_plus, uniq_grinder, uniq_edmund
D:5:      layout_basic, kennysheep_mini_moat, minmay_temple_entry_stoned_glass
D:6:      kennysheep_kobold_camp, layout_loops_ring,
          mainiacjoe_overflow_concentric_impassable, minmay_misc_feat_tower,
          grunt_ministairs_4, uniq_menkaure, uniq_maggie, uniq_pikel
D:7:      wander_river, layout_basic, nicolae_kikubaaqudgha_miasma_corner,
          uniq_joseph
D:8:      layout_rooms, grunt_temple_overflow_open, lair_entry_dummy,
          gammafunk_ghost_necromancy, nicolae_looking_at_the_future, uniq_psyche
D:9:      layout_gridville, kennysheep_mini, mainiacjoe_overflow_boulevard,
          nicolae_tso_carved_into_rock, minmay_crystal_room, uniq_erolcha
D:10:     layout_cave_pools, okawaru_metal_pillars_3, erik_orc_2, sword_in_stone
Temple:   hellmonk_temple_of_storms

Skill      XL: |  1  2  3  4  5  6  7  8  9 10 11 |
---------------+----------------------------------+-----
Axes           | 3 5 6 8 10 12 | 12.7
Armour         | 4 5 6 7 8 9 |  9.8
Fighting       | 4 5 6 7 9 |  9.6
Shields        | 4 5 6 8 9 |  9.7
Throwing       | 1 2 3 4 5 6 7 |  7.1

Action                   |  1- 3 |  4- 6 |  7- 9 | 10-12 || total
-------------------------+-------+-------+-------+-------++-------
Melee: War axe           |    89 |    85 |   265 |   217 ||   656
       Headbutt          |    11 |    13 |    48 |    37 ||   109
Throw: Dart              |    14 |    17 |    20 |       ||    51
       Boomerang         |       |       |    15 |    39 ||    54
       Javelin           |       |       |       |     1 ||     1
  Use: Scroll            |     2 |     8 |     3 |     2 ||    15
       Potion            |       |       |     1 |     1 ||     2
Armor: Scale mail        |    53 |    29 |       |       ||    82
       Plate armour      |       |    14 |   170 |   189 ||   373
Dodge: Dodged            |    41 |    40 |    89 |   101 ||   271
Block: Buckler           |    18 |    27 |    77 |    90 ||   212

Table legend: (Time is in decaauts)
 A = Elapsed time spent in this place.
 B = Non-inter-level travel time spent in this place.
 C = Inter-level travel time spent in this place.
 D = Time resting spent in this place.
 E = Time spent auto-exploring this place.
 F = Levels seen in this place.
 G = Mean time per level.
                   A        B        C        D        E       F      G
               +--------+--------+--------+--------+--------+-----+--------+
         Total |   9462 |   9136 |    326 |    525 |   5541 |  11 |  860.2 |
       Dungeon |   9412 |   9086 |    326 |    525 |   5520 |  10 |  941.2 |
        Temple |     49 |     49 |      0 |      0 |     21 |   1 |   49.0 |
               +--------+--------+--------+--------+--------+-----+--------+

Top non-repeatable levels by time:
     D:6: 1555 daAuts
     D:7: 1186 daAuts
     D:9: 1180 daAuts
     D:4: 1114 daAuts
     D:8: 1085 daAuts
     D:2: 847 daAuts
     D:3: 795 daAuts
     D:1: 750 daAuts
     D:5: 494 daAuts
    D:10: 402 daAuts
  Temple: 49 daAuts
